cohdb
Replays
Latest Replays
All Replays
Popular Replays
Top Player Replays
Match Explorer
How It Works
Community
CoH3 Stats
Reddit
Sign in to upload your games and track your stats! →
Sign in with Steam
Match 43186490
Unlisted
Match 43186490
Overview
Messages
Build Orders
End
Construct Infanterie Kompanie
Grenadier Squad
Grenadier Squad
GrW 34 Mortar Team
MG 42 Machine Gun Team
Infanterie Officer Quarters
Construct Panzergrenadier Kompanie
Pak 40 Anti-tank Gun Team
Selects Terror Battlegroup
Selects Machine Gun Camouflage
Construct Panzer Kompanie
Duffman™
英白拉多是否不负嘱托?
Dark Angels
旧时光
水银灯
秃鹫k
Ok.okokok
GAGE
0
0
Comments
sign in to comment!
No comments posted yet!